 Dungeon Crawl Stone Soup version 0.30-a0-223-gcb0039aa0c (console) character file.

Game seed: 7981306710031568109

330026 jejorda2 the Merfolkian Porcupine (level 21, -4/265 HPs)
             Began as a Merfolk Berserker on Oct 8, 2022.
             Was the Champion of Trog.
             Slain by a vault warden
             ... wielding a +0 long sword
              (40 damage)
             ... on level 3 of the Vaults on Oct 9, 2022.
             The game lasted 02:26:16 (39023 turns).

jejorda2 the Merfolkian Porcupine (MfBe)           Turns: 39023, Time: 02:26:16

Health: -4/265     AC: 45    Str: 33    XL:     21   Next: 73%
Magic:  7/21       EV: 18    Int:  7    God:    Trog [******]
Gold:   329        SH:  0    Dex: 21    Spells: 20/20 levels left

rFire   + + +      SeeInvis .    a - +4 bardiche
rCold   + + .      Faith    +    (shield currently unavailable)
rNeg    + . .      Spirit   .    O - +9 gold dragon scales "Girghuez" {rPois rF+ rC+ rN+}
rPois   +          Reflect  .    (helmet restricted)
rElec   .          Harm     .    z - +2 cloak
rCorr   .          Rampage  .    k - +0 pair of gloves of Ennui {rPois Regen+}
Will    +....                    N - +2 pair of boots of Hysteria {Dex+7}
Stlth   ..........               R - amulet of faith
HPRegen 1.44/turn                d - ring "Iskag" {rF+ rC+ Str+6}
MPRegen 0.17/turn                I - ring of the Tortoise {AC+8}

@: berserking, very quick
A: (nimble swimmer 2), mertail, horns 1, fire resistance 1, poison resistance,
noise suppression
}: 2/15 runes: decaying, gossamer
a: Renounce Religion, Berserk, Trog's Hand, Brothers in Arms


You were on level 3 of the Vaults.
You worshipped Trog.
Trog was exalted by your worship.
You visited 6 branches of the dungeon, and saw 33 of its levels.
You also visited: Trove, Sewer, Ossuary, Gauntlet, Ice Cave and Wizlab.

You collected 3871 gold pieces.
You spent 3542 gold pieces at shops.

Inventory:

Hand Weapons
 a - a +4 bardiche (weapon)
 b - the +9 halberd "Kiomoc" {flame, rC++ Str-5 Stlth+}
   (Trog gifted it to you on level 2 of the Orcish Mines)

   It burns those it strikes, dealing additional fire damage.
   Big, fiery blades are also staple armaments of hydra-hunters.
   Str:       It affects your strength (-5).
   rC:        It greatly protects you from cold.
   Stlth:     It makes you more stealthy.
 m - the +10 halberd of Ozesutiq {vorpal, rElec Dex+4 Stlth+}
   (Trog gifted it to you on level 1 of the Vaults)

   It inflicts extra damage upon your enemies.
   Dex:       It affects your dexterity (+4).
   rElec:     It insulates you from electricity.
   Stlth:     It makes you more stealthy.
 w - a +6 antimagic glaive
Missiles
 g - 10 curare-tipped darts
 n - 11 atropa-tipped darts
 t - 3 silver boomerangs
 x - 35 poisoned darts
 y - 27 boomerangs (quivered)
 D - 6 throwing nets
 P - 26 javelins
 X - 10 silver javelins
Armour
 k - the +0 pair of gloves of Ennui (worn) {rPois Regen+}
   (You bought it in a shop on level 3 of the Dungeon)

   rPois:     It protects you from poison.
   Regen:     It increases your rate of health regeneration.
 z - a +2 cloak (worn)
 N - the +2 pair of boots of Hysteria (worn) {Dex+7}
   (You found it in an ice cave)

   Dex:       It affects your dexterity (+7).
 O - the +9 gold dragon scales "Girghuez" (worn) {rPois rF+ rC+ rN+}
   (You bought it in a shop on level 2 of the Vaults)

   rF:        It protects you from fire.
   rC:        It protects you from cold.
   rPois:     It protects you from poison.
   rN:        It protects you from negative energy.
Jewellery
 d - the ring "Iskag" (left hand) {rF+ rC+ Str+6}
   (You found it in a Gauntlet)

   [ring of strength]

   Str:       It affects your strength (+6).
   rF:        It protects you from fire.
   rC:        It protects you from cold.
 I - the ring of the Tortoise (right hand) {AC+8}
   (You found it in a wizard's laboratory)

   [ring of protection]

   AC:        It affects your AC (+8).
 M - a ring of resist corrosion
 R - an amulet of faith (around neck)
 W - the ring "Jireanu" {rN+ Int+3 SInv}
   (You found it in a wizard's laboratory)

   [ring of see invisible]

   Int:       It affects your intelligence (+3).
   rN:        It protects you from negative energy.
   SInv:      It lets you see invisible.
Wands
 c - a wand of digging (5)
 f - a wand of flame (63)
 i - a wand of quicksilver (26)
 o - a wand of polymorph (15)
 E - a wand of mindburst (23)
 K - a wand of iceblast (57)
 S - a wand of charming (13)
Scrolls
 j - 3 scrolls of fear
 l - 14 scrolls of teleportation
 p - a scroll of silence
 C - 6 scrolls of poison
 F - 7 scrolls of fog
 H - 5 scrolls of magic mapping
 J - 7 scrolls of blinking
Potions
 e - 11 potions of attraction
 h - 6 potions of flight
 q - 14 potions of heal wounds
 r - 10 potions of haste
 u - 14 potions of curing
 v - 6 potions of cancellation
 B - 4 potions of invisibility
 G - 6 potions of mutation
 Q - 5 potions of ambrosia
 T - 4 potions of resistance
 V - 7 potions of might
Miscellaneous
 s - a condenser vane
 A - a lightning rod (4/4)
 L - a tin of tremorstones (2/2)


   Skills:
 + Level 18.1 Fighting
 O Level 27 Polearms
 - Level 16.0 Throwing
 * Level 14.5 Armour
 + Level 19.1 Dodging
 - Level 4.0 Stealth
 - Level 9.0 Evocations


You had 20 spell levels left.
You didn't know any spells.
Your spell library was empty.

Dungeon Overview and Level Annotations

Branches:
Dungeon (15/15)            Temple (0/1) D:5            Lair (5/5) D:8
  Swamp (4/4) Lair:2       Spider (4/4) Lair:3        Slime (0/5) Lair:5
    Orc (2/2) D:10            Elf (0/3) Orc:2        Vaults (3/5) D:14
  Crypt (0/3) Vaults:2     Depths (0/4) D:15          Sewer (visited)
Ossuary (visited)           IceCv (visited)          WizLab (visited)
Gauntlet (visited)

Altars:
Ashenzari
Dithmenos
Gozag
Hepliaklqana
Makhleb
Nemelex Xobeh
Qazlal
Uskayaw
Jiyva
Lugonu

Shops:
D:2 (((?=   D:3 [([!   Orc:2 :***   Vaults:2 [

Portals:
Abyss: Lair:5


Innate Abilities, Weirdness & Mutations

((You are very nimble when in or above water. (Stealth+, EV+, Speed+++)))
Your lower body shifts to a powerful aquatic tail in water.
You have a pair of small horns on your head.
Your flesh is heat resistant. (rF+)
Your system is resistant to poisons. (rPois)
You passively dampen the noise of your surroundings.


Message History

* * * LOW HITPOINT WARNING * * *
The deep troll claws you but does no damage.
The deep troll misses you. The orc knight closely misses you.
Unknown command.
You feel magic returning to you.
a - a +4 bardiche (weapon)
Unknown command.
Reach: a) +4 bardiche
Press: ? - help, Dir - move target, f/p - ironbound convoker
Aim: an ironbound convoker, wielding a +0 dire flail and wearing a +0 ring mail (severely wounded, magic disrupted, about 22% to evade your +4 bardiche)
The orc warlord is in the way.
You carve the orc warlord like a ham!!! You headbutt the orc warlord!
The orc warlord is heavily wounded.
The vault warden hits you with a +0 long sword!
* * * LOW HITPOINT WARNING * * *
The orc warlord hits you but does no damage.
The deep troll closely misses you.
The deep troll claws you but does no damage. x2
The orc knight hits you but does no damage.
Unknown command.
You slice the orc warlord!! You headbutt the orc warlord!
The orc warlord is severely wounded.
You hit the orc warlord.
The orc warlord is almost dead.
The vault warden misses you. The orc warlord closely misses you.
The deep troll closely misses you. The deep troll misses you.
The deep troll claws you but does no damage.
The orc knight hits you with a +3 great sword!
* * * LOW HITPOINT WARNING * * *
You chop the orc warlord into pieces!!!
You kill the orc warlord!
Trog accepts your kill.
Unknown command.
You slice the deep troll!!
The deep troll is heavily wounded.
You slash the deep troll! You headbutt the deep troll.
The deep troll is severely wounded.
The vault warden's magic is no longer disrupted.
The vault warden hits you with a +0 long sword!!!
You die...

####+##+ #......
+...... #.....#######
+.....#.T...#
#.....+@)o..#
#.....#pop..+
+.....#oo...#
#.....#.....#
#.....####### #####
#...........# ....##
#....[......# .!...##
######'#######
##....###...........#


You could see a vault warden (strong), 4 orc knights, a deep troll (strong) and
an ironbound convoker (magic disrupted).

Vanquished Creatures
  Mara (Swamp:4)
  Saint Roka (Orc:2)
  Arachne (Spider:4)
  A moon troll (WizLab)
  Mlioglotl (Swamp:1)
  2 quicksilver dragons (WizLab)
  7 tentacled starspawn (WizLab)
  A shadow dragon (Vaults:2)
  2 thorn hunters (Swamp:4)
  Donald (Vaults:1)
  2 fenstrider witches
  9 vault wardens
  Louise (Swamp:1)
  6 emperor scorpions
  5 ghost moths
  A cacodemon (WizLab)
  5 orc warlords
  9 ironbound preservers
  13 very ugly things
  3 broodmothers
  A war gargoyle (WizLab)
  4 ghouls
  5 stone giants
  An ironbound thunderhulk (Vaults:3)
  5 eleionomae
  10 dire elephants
  5 spark wasps
  2 minotaurs
  7 bunyips
  The ghost of Xozoco the Spear-Bearer, a journeyman MfGl of the Shining One (Lair:1)
  A shambling mangrove (Swamp:4)
  2 yaktaur captains
  Harold (Lair:2)
  6 great orbs of eyes
  3 entropy weavers
  3 vault guards
  2 radroaches
  17 hydras
  9 ironbound frosthearts
  22 centaur warriors
  2 ghost crabs (Swamp:2)
  2 catoblepae
  5 jorogumos
  7 alligators
  7 two-headed ogres
  6 boulder beetles
  A tengu warrior (D:14)
  Urug (D:14)
  22 death yaks
  5 orc high priests
  4 thrashing horrors (Lair:5)
  A spriggan berserker (Swamp:4)
  3 sun moths
  A wretched star (WizLab)
  8 pharaoh ants
  4 goliath frogs
  2 spriggan druids
  A death drake (Swamp:3)
  10 swamp dragons
  12 orb spiders
  A tengu zombie (Vaults:1)
  4 bog bodies
  8 steelbarb worms
  7 glowing orange brains (WizLab)
  5 lindwurms
  An orange crystal statue (WizLab)
  20 deep trolls
  Pikel (D:6)
  11 orc knights
  A lindwurm (shapeshifter) (Vaults:3)
  7 ironbound convokers
  2 wizards
  6 orc sorcerers
  3 deep elf pyromancers
  5 necromancers
  28 wolf spiders
  27 ugly things
  4 cyclopes
  5 will-o-the-wisps
  3 manticores
  3 moths of wrath
  23 elephants
  3 naga magi (D:15)
  14 vault sentinels
  A fire giant skeleton (Vaults:1)
  2 human skeletons (Vaults:1)
  5 eyes of devastation (WizLab)
  A black mamba (Lair:2)
  An ice statue (IceCv)
  2 smoke demons (Lair:5)
  8 torpor snails
  9 cane toads
  3 centaur skeletons (D:15)
  A freezing wraith (D:15)
  2 human zombies (Vaults:1)
  An unseen horror (D:8)
  6 demonic crawlers
  10 yaktaurs
  2 rime drakes
  5 komodo dragons
  A yaktaur (shapeshifter) (D:14)
  An ancient zyme (Lair:5)
  A merfolk (shapeshifter) (Vaults:1)
  A queen bee (Lair:1)
  A queen bee (shapeshifter) (Spider:3)
  4 tyrant leeches
  10 polar bears (IceCv)
  2 bloated husks (Swamp:4)
  4 meliai
  33 tarantellas
  12 hornets
  3 trolls
  13 slime creatures
  18 blink frogs
  39 jumping spiders
  3 shadows (D:11)
  A centaur simulacrum (D:15)
  6 wraiths
  13 spriggans
  2 ynoxinuls (Lair:5)
  19 culicivoras
  A wyvern (D:8)
  12 basilisks
  3 vampires
  2 golden eyes (WizLab)
  64 yaks
  16 humans
  A human simulacrum (Vaults:1)
  Grum (D:10)
  59 redbacks
  19 vampire mosquitoes
  2 chaos spawn (Lair:5)
  8 wargs
  A harpy simulacrum (D:15)
  16 swamp worms
  3 acid dragons
  14 water moccasins
  10 swamp drakes (Swamp:4)
  43 orc warriors
  6 black bears
  8 small abominations (Lair:5)
  31 wolves
  14 ogres
  A boggart (shapeshifter) (D:14)
  12 centaurs
  4 kobold brigands
  A lemure (D:6)
  10 bullfrogs
  3 scorpions
  An entropy weaver simulacrum (Vaults:1)
  2 gnoll sergeants
  A glowing shapeshifter simulacrum (Vaults:1)
  A necrophage (D:6)
  A wight (D:8)
  10 killer bees
  A howler monkey (D:10)
  An electric eel (Lair:3)
  11 centaur zombies
  A gnoll bouda (D:7)
  38 orc priests
  5 hounds
  5 jellies
  4 iguanas
  3 yak simulacra (D:11)
  27 orc wizards
  4 polar bear simulacra
  A wolf simulacrum (D:11)
  3 hound zombies (Ossuary)
  3 mummies (Ossuary)
  13 gnolls
  15 adders
  8 river rats
  3 white imps
  2 shadow imps
  An ufetubus (D:7)
  5 adder zombies (Ossuary)
  4 worms
  2 dart slugs
  119 orcs
  8 ball pythons
  7 endoplasms
  7 giant cockroaches
  4 goblins
  4 hobgoblins
  2 jackals (D:3)
  3 quokkas
  11 bats
  9 frilled lizards
  2 gnoll zombies (Ossuary)
  5 goblin zombies
  6 hobgoblin zombies (Ossuary)
  3 jackal zombies (Ossuary)
  27 kobolds
  A kobold zombie (Ossuary)
  3 orc zombies (Ossuary)
  2 quokka zombies (Ossuary)
  11 rats
  3 rat zombies (Ossuary)
  4 river rat simulacra (D:11)
  2 briar patches (Swamp:4)
  7 starspawn tentacles (WizLab)
1512 creatures vanquished.

Vanquished Creatures (collateral kills)
  A vault warden (Vaults:2)
  A cacodemon (WizLab)
  4 very ugly things (WizLab)
  2 ironbound preservers
  3 stone giants (WizLab)
  An entropy weaver (Vaults:1)
  A great orb of eyes (WizLab)
  A yaktaur captain (Vaults:3)
  2 vault guards
  2 ironbound frosthearts (Vaults:1)
  5 centaur warriors (Vaults:1)
  5 death yaks (Lair:5)
  An orb spider (Spider:4)
  A glowing orange brain (Vaults:1)
  2 lindwurms (Vaults:1)
  2 ironbound convokers (Vaults:1)
  2 wolf spiders (Spider:4)
  2 ugly things (WizLab)
  A moth of wrath (Spider:4)
  3 elephants (Lair:5)
  2 vault sentinels (Vaults:2)
  A torpor snail (Spider:4)
  A cane toad (Lair:5)
  2 yaktaurs (Vaults:2)
  A slime creature (Vaults:1)
  6 yaks (Lair:5)
  A redback (Vaults:1)
  A wolf (Lair:5)
  A polar bear simulacrum (Lair:5)
  A wolf simulacrum (Lair:5)
59 creatures vanquished.

Vanquished Creatures (others)
  A jumping spider (Spider:3)
  A culicivora (Spider:4)
  A spriggan (Swamp:4)
  An orc (Orc:2)
  A briar patch (Swamp:4)
  A demonic plant (WizLab)
  24 foxfires
  18 fungi
  60 plants
  12 starspawn tentacles (WizLab)
120 creatures vanquished.

Grand Total: 1691 creatures vanquished

Notes
Turn   | Place    | Note
-------+----------+-------------------------------------------
     0 | D:1      | jejorda2 the Merfolk Berserker began the quest for the Orb.
     0 | D:1      | Reached XP level 1. HP: 18/18 MP: 1/1
   222 | D:1      | Reached XP level 2. HP: 23/24 MP: 2/2
   613 | D:1      | Found a faded altar of an unknown god.
   758 | D:2      | Found Hedadd's Weapon Emporium.
   760 | D:2      | Reached ** piety under Trog
   761 | D:2      | Reached XP level 3. HP: 28/29 MP: 3/3
   797 | D:2      | Bought a +0 trident for 45 gold pieces
   811 | D:2      | Found Baqymnats's Magic Scroll Emporium.
   816 | D:2      | Reached skill level 5 in Polearms
   855 | D:2      | Found Jochof's Jewellery Emporium.
   999 | D:2      | Found a sparkling altar of Nemelex Xobeh.
  1012 | D:2      | Bought a scroll of teleportation for 33 gold pieces
  1063 | D:2      | Found Beyligox's Weapon Boutique.
  1164 | D:2      | Found Soesmiu's Weapon Emporium.
  1271 | D:3      | Reached XP level 4. HP: 36/37 MP: 4/4
  1332 | D:3      | Found Waip's Weapon Emporium.
  1543 | D:3      | Found Hoit Lih Tia's Armour Emporium.
  1550 | D:3      | Found Sanigeim's Armour Shoppe.
  1645 | D:3      | Found Emifri Bio's Distillery.
  1826 | D:3      | Reached skill level 6 in Polearms
  1826 | D:3      | Reached XP level 5. HP: 42/42 MP: 5/5
  2075 | D:4      | Noticed an ogre
  2081 | D:4      | Killed an ogre
  2082 | D:4      | Reached XP level 6. HP: 49/49 MP: 6/6
  2297 | D:4      | Reached skill level 7 in Polearms
  2630 | D:5      | Entered Level 5 of the Dungeon
  2682 | D:5      | Noticed a black bear
  2699 | D:5      | Killed a black bear
  2700 | D:5      | Reached skill level 5 in Fighting
  2700 | D:5      | Reached XP level 7. HP: 56/56 MP: 7/7
  2858 | D:5      | Found a staircase to the Ecumenical Temple.
  2907 | D:5      | Reached skill level 8 in Polearms
  2999 | D:5      | Found a burning altar of Makhleb.
  3021 | D:5      | Found a shadowy altar of Dithmenos.
  3170 | D:5      | Found a hazy altar of Hepliaklqana.
  3278 | D:5      | Found a hide-covered altar of Uskayaw.
  3286 | D:5      | Reached *** piety under Trog
  3356 | D:5      | Reached skill level 9 in Polearms
  3357 | D:5      | Reached XP level 8. HP: 64/64 MP: 8/8
  3551 | D:6      | Found a glowing drain.
  3556 | Sewer    | Entered a sewer
  3859 | Sewer    | Found a viscous altar of Jiyva.
  3885 | Sewer    | Identified the +1 short sword of Wopeix {flame, rPois
                  | Will++}
  3950 | D:6      | Reached skill level 10 in Polearms
  3985 | D:6      | Identified the +1 pair of boots of Bespelled the Leaf
                  | {rPois Stlth+}
  4035 | D:6      | Reached skill level 11 in Polearms
  4043 | D:6      | Found a sand-covered staircase.
  4050 | Ossuary  | Entered an ossuary
  4128 | Ossuary  | Reached **** piety under Trog
  4335 | Ossuary  | Reached XP level 9. HP: 69/69 MP: 9/9
  4528 | D:6      | Found a broken altar of Ashenzari.
  4540 | D:6      | Reached skill level 12 in Polearms
  4556 | D:6      | Noticed Pikel
  4588 | D:6      | Killed Pikel
  4589 | D:6      | Reached skill level 5 in Armour
  5016 | D:3      | Bought the +0 pair of gloves of Ennui {rPois Regen+} for
                  | 204 gold pieces
  5153 | D:7      | Reached skill level 13 in Polearms
  5153 | D:7      | Reached ***** piety under Trog
  6050 | D:8      | Reached skill level 14 in Polearms
  6050 | D:8      | Reached XP level 10. HP: 69/76 MP: 10/10
  6247 | D:8      | Reached skill level 15 in Polearms
  6320 | D:8      | Found a staircase to the Lair.
  6382 | D:8      | Reached skill level 16 in Polearms
  6626 | D:8      | Killed an unseen horror
  6627 | D:8      | Reached skill level 17 in Polearms
  7130 | D:9      | Reached XP level 11. HP: 76/81 MP: 11/11
  7267 | D:9      | Reached skill level 18 in Polearms
  7275 | D:9      | Received a gift from Trog
  8153 | D:10     | Entered Level 10 of the Dungeon
  8198 | D:10     | Noticed a two-headed ogre
  8204 | D:10     | Killed a two-headed ogre
  8371 | D:10     | Reached skill level 19 in Polearms
  8564 | D:10     | Found a staircase to the Orcish Mines.
  8642 | D:10     | Found a stormy altar of Qazlal.
  8913 | D:10     | Noticed Grum
  8918 | D:10     | Killed Grum
  8933 | D:10     | Found an opulent altar of Gozag.
  9167 | D:11     | Reached skill level 5 in Dodging
  9212 | D:11     | Received a gift from Trog
  9231 | D:11     | Reached skill level 20 in Polearms
  9327 | D:11     | Reached skill level 1 in Throwing
  9327 | D:11     | Reached skill level 1 in Evocations
  9558 | D:11     | Noticed a necromancer
  9572 | D:11     | Killed a necromancer
  9767 | D:11     | Noticed a cyclops
  9774 | D:11     | Killed a cyclops
  9775 | D:11     | Reached XP level 12. HP: 89/89 MP: 4/12
 10266 | Lair:1   | Entered Level 1 of the Lair of Beasts
 10415 | Lair:1   | Noticed Xozoco's ghost (journeyman MfGl)
 10503 | Lair:1   | Found a transporter.
 10503 | Lair:1   | Found a transporter.
 10542 | Lair:1   | Found a runed translucent door.
 10700 | Lair:1   | Noticed a minotaur
 10708 | Lair:1   | Killed a minotaur
 11450 | Lair:1   | Killed Xozoco's ghost
 11451 | Lair:1   | Reached skill level 5 in Throwing
 11451 | Lair:1   | Reached skill level 5 in Evocations
 11571 | Lair:2   | Noticed Harold
 11580 | Lair:2   | Killed Harold
 11672 | Lair:2   | Found a staircase to the Swamp.
 12200 | Lair:2   | Noticed Sonja
 12202 | Lair:2   | Sonja changed into Sonja the troll
 12202 | Lair:2   | Noticed Sonja
 12206 | Lair:2   | Killed Sonja the troll
 12411 | Lair:3   | Received a gift from Trog
 12457 | Lair:3   | Reached XP level 13. HP: 90/101 MP: 4/13
 12517 | Lair:3   | Reached skill level 10 in Fighting
 12928 | Lair:3   | Found a hole to the Spider Nest.
 13990 | Lair:4   | Reached skill level 10 in Throwing
 14138 | Lair:5   | Entered Level 5 of the Lair of Beasts
 14167 | Lair:5   | Reached XP level 14. HP: 105/115 MP: 4/14
 14260 | Lair:5   | Found a frozen archway.
 14299 | Lair:5   | Reached skill level 10 in Dodging
 14301 | Lair:5   | Received a gift from Trog
 14321 | IceCv    | Entered an ice cave
 15092 | IceCv    | Identified the +2 pair of boots of Hysteria {Dex+7}
 15401 | Lair:5   | Reached XP level 15. HP: 113/120 MP: 5/15
 15405 | Lair:5   | Reached ****** piety under Trog
 15506 | Lair:5   | Received a gift from Trog
 15627 | Lair:5   | Found a viscous altar of Jiyva.
 15627 | Lair:5   | Found a staircase to the Slime Pits.
 16301 | Lair:5   | Found a corrupted altar of Lugonu.
 16301 | Lair:5   | Found a one-way gate to the infinite horrors of the Abyss.
 16671 | D:12     | Found a portal to a secret trove of treasure.
 16687 | Trove    | Entered a treasure trove
 16692 | Trove    | Identified the +0 pair of boots of Puisae {rPois}
 17570 | D:12     | Reached skill level 15 in Throwing
 17807 | D:13     | Found a gate leading to a gauntlet.
 17831 | Gauntlet | Entered a Gauntlet
 17831 | Gauntlet | Found a transporter.
 17831 | Gauntlet | Found a transporter.
 17836 | Gauntlet | Found a transporter.
 17851 | Gauntlet | Found a transporter.
 17872 | Gauntlet | Found a transporter.
 17881 | Gauntlet | Found a transporter.
 17897 | Gauntlet | Found a transporter.
 17965 | Gauntlet | Found a transporter.
 17979 | Gauntlet | Found a transporter.
 17995 | Gauntlet | Found a transporter.
 18008 | Gauntlet | Found a transporter.
 18026 | Gauntlet | Found a transporter.
 18095 | Gauntlet | Found a transporter.
 18105 | Gauntlet | Found a transporter.
 18139 | Gauntlet | Found a transporter.
 18149 | Gauntlet | Found a transporter.
 18265 | Gauntlet | Identified the ring "Iskag" {rF+ rC+ Str+6}
 18327 | Gauntlet | Reached * piety under Trog
 18983 | D:14     | Noticed Urug
 18983 | D:14     | Found a gate to the Vaults.
 19200 | D:14     | Killed Urug
 19229 | D:14     | Identified the +7 long sword of Poawub {flame, Fly rPois
                  | Will-}
 19271 | D:14     | Reached XP level 16. HP: 129/129 MP: 5/16
 19390 | D:14     | Reached skill level 21 in Polearms
 19997 | D:15     | Entered Level 15 of the Dungeon
 20288 | D:15     | Identified a scroll of acquirement
 20288 | D:15     | Acquired a manual of Polearms
 20367 | D:15     | Found a staircase to the Depths.
 20371 | D:15     | Reached skill level 22 in Polearms
 20448 | D:15     | Identified the +1 chain mail of Calculation {rElec}
 20668 | Orc:1    | Entered Level 1 of the Orcish Mines
 20984 | Orc:2    | Entered Level 2 of the Orcish Mines
 21125 | Orc:1    | Reached skill level 23 in Polearms
 21376 | Orc:1    | Received a gift from Trog
 21617 | Orc:2    | Reached skill level 24 in Polearms
 21660 | Orc:2    | Found Dyhou's Book Emporium.
 21682 | Orc:2    | Found Leamuel Vaah's General Store.
 22146 | Orc:2    | Identified the +9 halberd "Kiomoc" {flame, rC++ Str-5
                  | Stlth+} (Trog gifted it to you on level 2 of the Orcish
                  | Mines)
 22146 | Orc:2    | Received a gift from Trog
 22153 | Orc:2    | Found a staircase to the Elven Halls.
 22366 | Orc:2    | Noticed Saint Roka
 22396 | Orc:2    | Killed Saint Roka
 22469 | Orc:2    | Found Rudut's Assorted Antiques.
 22670 | Orc:2    | Found Elumy's General Store.
 22983 | Spider:1 | Entered Level 1 of the Spider Nest
 23277 | D:2      | Bought a ring of resist corrosion for 200 gold pieces
 23697 | Spider:1 | Reached XP level 17. HP: 137/137 MP: 0/17
 24228 | Spider:1 | Identified the +4 leather armour of Insecurity {Rampage
                  | rC++ Will-}
 24781 | Spider:2 | Received a gift from Trog
 26601 | Spider:3 | Received a gift from Trog
 27129 | Spider:3 | Reached skill level 1 in Stealth
 27340 | Spider:4 | Entered Level 4 of the Spider Nest
 27624 | Spider:4 | Gained mutation: You occasionally lose the ability to read
                  | scrolls when taking damage. [mutagenic glow]
 27680 | Spider:4 | Lost mutation: You occasionally lose the ability to read
                  | scrolls when taking damage. [potion of mutation]
 27680 | Spider:4 | Gained mutation: Your system is resistant to poisons.
                  | (rPois) [potion of mutation]
 27680 | Spider:4 | Gained mutation: You have a pair of small horns on your
                  | head. [potion of mutation]
 27680 | Spider:4 | Gained mutation: Your flesh is heat resistant. (rF+)
                  | [potion of mutation]
 27790 | Spider:4 | Reached XP level 18. HP: 133/147 MP: 18/18
 28058 | Spider:4 | Received a gift from Trog
 28162 | Spider:4 | Paralysed by a jorogumo for 3 turns
 28623 | Spider:4 | Noticed Arachne
 28642 | Spider:4 | Killed Arachne
 28885 | Spider:4 | Reached skill level 15 in Fighting
 28927 | Spider:4 | Received a gift from Trog
 28931 | Spider:4 | Reached skill level 10 in Armour
 29139 | Spider:4 | Reached skill level 15 in Dodging
 29480 | Spider:4 | Got a gossamer rune of Zot
 29874 | Swamp:1  | Entered Level 1 of the Swamp
 29921 | Swamp:1  | Noticed Louise
 29938 | Swamp:1  | Killed Louise
 30425 | Swamp:2  | Noticed Mlioglotl
 30492 | Swamp:1  | Killed Mlioglotl
 30983 | Swamp:2  | Reached XP level 19. HP: 152/155 MP: 19/19
 31204 | Swamp:3  | Received a gift from Trog
 31853 | Swamp:4  | Entered Level 4 of the Swamp
 32355 | Swamp:4  | Noticed Mara
 32369 | Swamp:4  | Noticed jejorda2's illusion
 32474 | Swamp:4  | Killed Mara
 32629 | Swamp:4  | Reached skill level 25 in Polearms
 32672 | Swamp:4  | Received a gift from Trog
 32780 | Swamp:4  | Got a decaying rune of Zot
 32988 | Swamp:4  | Upgraded the game from 0.30-a0-222-ge547ba4400 to
                  | 0.30-a0-223-gcb0039aa0c
 33230 | Vaults:1 | Entered Level 1 of the Vaults
 33306 | Vaults:1 | Noticed Donald
 33317 | Vaults:1 | Killed Donald
 33347 | Vaults:1 | Identified the +3 quarterstaff "Vidymaic" {flame, rF+ rN++
                  | SInv Stlth-} (Trog gifted it to you on level 1 of the
                  | Vaults)
 33347 | Vaults:1 | Received a gift from Trog
 33429 | Vaults:1 | Found a magical portal.
 33500 | WizLab   | Entered Lehudib's Moon Base
 33564 | WizLab   | Reached XP level 20. HP: 166/166 MP: 15/20
 34264 | WizLab   | Reached skill level 26 in Polearms
 34267 | WizLab   | Identified the amulet of Yxaegode {Harm Regen+ Int+3
                  | Stlth+}
 34380 | WizLab   | Gained mutation: You passively dampen the noise of your
                  | surroundings. [a cacodemon]
 34469 | WizLab   | Found a transporter.
 34685 | WizLab   | Found the ring of the Tortoise {AC+8}
 34813 | WizLab   | Found a transporter.
 34975 | WizLab   | Identified the ring "Jireanu" {rN+ Int+3 SInv}
 34977 | WizLab   | Identified the ring of the Evening {Wiz rCorr Dex+4 Slay-2}
 35977 | Vaults:1 | Identified the +10 halberd of Ozesutiq {vorpal, rElec Dex+4
                  | Stlth+} (Trog gifted it to you on level 1 of the Vaults)
 35977 | Vaults:1 | Received a gift from Trog
 36538 | Vaults:1 | Reached XP level 21. HP: 175/175 MP: 21/21
 36859 | Vaults:2 | Found Wechor's Antique Armour Shoppe.
 36863 | Vaults:2 | Bought warped gold dragon scales for 3060 gold pieces
 36863 | Vaults:2 | Identified the +9 gold dragon scales "Girghuez" {rPois rF+
                  | rC+ rN+} (You bought it in a shop on level 2 of the Vaults)
 37315 | Vaults:2 | Identified the +4 halberd of Hubris {flame, *Rage rC+
                  | Will+} (Trog gifted it to you on level 2 of the Vaults)
 37315 | Vaults:2 | Received a gift from Trog
 37929 | Vaults:2 | Found a staircase to the Crypt.
 38588 | Vaults:3 | Received a gift from Trog
 38670 | Vaults:3 | Reached skill level 27 in Polearms
 39023 | Vaults:3 | Slain by a vault warden

Illustrated notes

Levels and vault maps discovered:
D:1:      dpeg_chamrin_arrival_tetris, layout_loops_ring,
          ebering_ecumenical_altar_box, chequers_serial_rivers_micro_a,
          kennysheep_flooded_box, minmay_tetromino_t4
D:2:      layout_rooms, serial_shops, nicolae_shop_behind_doors,
          nicolae_shop_stone, shop, nicolae_shop_bloodbath_and_beyond,
          nicolae_shop_waterfront, basic_altar, nrook_mini_backslash
D:3:      layout_loops_cross, serial_shops, nicolae_shop_waterfront,
          nicolae_diamond_shop, nicolae_shop_statue_plus, shop
D:4:      layout_layer_cave, nicolae_elevator_lobby_asterisk
D:5:      layout_rooms, nicolae_overflow_quartered_altars, temple_green
D:6:      layout_rooms, nicolae_ashenzari_panopticon, lightli_sewer_entry_pipes,
          enter_ossuary_4, uniq_pikel
D:7:      layout_basic
D:8:      layout_basic, minmay_lair_entry_grove,
          nicolae_concentric_dashed_squares_wild, minmay_increasing_density
D:9:      layout_irregular_city
D:10:     layout_gridville, mainiacjoe_overflow_alcove_2,
          nicolae_qazlal_scattered_showers, hiddenorc1_lemuel, uniq_grum
D:11:     layout_basic, serial_undead, serial_undead_e, serial_undead_d,
          serial_undead_f, serial_undead_a, eino_house_with_fridge
D:12:     layout_basic, enter_trove_0, drop_trap
D:13:     layout_rooms, gauntlet_entry_generic
D:14:     layout_basic, david_vaults_3, nrook_uturn, chequers_arboretum
D:15:     grunt_enter_depths_magical_seal, layout_rooms,
          ebering_dispersal_statue_hall
Lair:1:   dreamdust_labyrinth, layout_small_grid, gammafunk_ghost_hive,
          infiniplex_staircase_pool_2, serial_bayou_shore_b
Lair:2:   layout_cave_pods, minmay_swamp_entry_swarm, uniq_harold, uniq_sonja
Lair:3:   layout_misc_corridors, hellmonk_spider_entry_life_and_decay,
          nicolae_lair_grazing_beasts [nicolae_sub_lair_graze_edge,
          nicolae_sub_lair_graze_edge, nicolae_sub_lair_graze_edge,
          nicolae_sub_lair_graze_edge]
Lair:4:   layout_hall_layers
Lair:5:   hellmonk_lair_end_abyssal_woods, layout_regular_city, slime_entry_1,
          portal_ice_cave_entry_ice_simulacra, grunt_megastairs_5
Swamp:1:  layout_falls_marsh, nicolae_swamp_tree_isthmus, uniq_louise
Swamp:2:  layout_basic_swamp, evilmike_swamp_ruin_house_2,
          nicolae_swamp_feature_on_the_river_bank, uniq_mlioglotl
Swamp:3:  layout_falls_marsh, nicolae_swamp_tree_designs
Swamp:4:  swamp_basic_johnstein, layout_basic_swamp, swamp_pool4,
          infiniplex_staircase_pool, uniq_mara
Spider:1: nicolae_spider_mines_3, hangedman_spider_tarantella_strand
Spider:2: layout_chambers, drop_trap, hangedman_spider_mandibles
Spider:3: layout_chambers, hellmonk_deceptive_appearances,
          nicolae_spider_cling_halls
Spider:4: johnstein_spider_rune_arachne_lair, nicolae_spider_checkerboard,
          uniq_arachne
Orc:1:    layout_diamond_mine
Orc:2:    pubby_orc_utopia
Vaults:1: mu_enter_wizlab_2, vaults_room_pools, vaults_room_stairs_pillars,
          v_misc_25, nicolae_vaults_border_crossing, vaults_room_fours,
          v_misc_1, nicolae_vaults_network_star, st_diamondy,
          hangedman_vaults_snaps, v_misc_3, v_alt_pattern_3,
          layout_vaults_omnibox, uniq_donald
Vaults:2: nicolae_vaults_network_periphery, hangedman_vaults_hat,
          nicolae_vaults_three_branches, nicolae_vaults_network_s,
          ontoclasm_vaults_ring_square, grunt_vaults_hallway_short,
          minmay_crypt_entry_nasty_monster, nicolae_vaults_little_squares_2,
          nicolae_vaults_asterisk, layout_vaults_ring, serial_shops,
          nicolae_shop_hallway_stairs
Vaults:3: vaults_dpeg_encased_lava, st_lines, ontoclasm_vaults_gateway,
          grunt_vaults_swirl, v_misc_12, v_misc_9, nicolae_vaults_asterisk,
          nicolae_vaults_little_squares_4, v_alt_pattern_5, v_misc_27, v_misc_5,
          layout_vaults_omnicross

Skill      XL: |  1  2  3  4  5  6  7  8  9 10 11 12 13 14 15 16 17 18 19 20 21 |
---------------+----------------------------------------------------------------+-----
Polearms       | 5 6 7 9 11 14 17 20 24 25 26 27 | 27.0
Fighting       | 4 5 6 9 12 13 14 15 16 17 18 | 18.1
Armour         | 2 3 4 5 6 7 9 10 12 13 14 | 14.5
Dodging        | 6 7 11 12 14 15 16 18 19 | 19.1
Throwing       | 2 6 10 13 16 | 16.0
Evocations     | 2 6 7 9 |  9.0
Stealth        | 3 4 |  4.0

Action                   |  1- 3 |  4- 6 |  7- 9 | 10-12 | 13-15 | 16-18 | 19-21 || total
-------------------------+-------+-------+-------+-------+-------+-------+-------++-------
Melee: Spear             |    74 |       |       |       |       |       |       ||    74
       Trident           |    33 |   131 |   542 |       |    39 |       |       ||   745
       Punch             |     1 |     2 |    13 |       |     1 |       |       ||    17
       Tailslap          |       |       |     8 |       |     1 |    10 |    14 ||    33
       Halberd           |       |       |    54 |   258 |       |     9 |    28 ||   349
       Glaive            |       |       |       |   467 |  1056 |   174 |    48 ||  1745
       Bardiche          |       |       |       |       |       |  1512 |  1155 ||  2667
       Headbutt          |       |       |       |       |       |   122 |   307 ||   429
Throw: Stone             |       |     6 |    14 |     5 |     4 |       |       ||    29
       Boomerang         |       |       |       |       |    41 |   214 |    47 ||   302
       Dart              |       |       |       |       |       |     7 |       ||     7
       Javelin           |       |       |       |       |       |     4 |     1 ||     5
Invok: Trog's Hand       |       |     1 |     4 |     2 |     4 |     7 |     7 ||    25
       Berserk           |       |     3 |     8 |     8 |     9 |    15 |    18 ||    61
       Brothers in Arms  |       |       |       |       |     2 |     1 |     7 ||    10
Evoke: Wand              |       |       |       |     2 |     1 |       |       ||     3
       Condenser vane    |       |       |       |       |       |     3 |       ||     3
       Tin of tremorston |       |       |       |       |       |     1 |     1 ||     2
  Use: Scroll            |       |       |    20 |     5 |     6 |     2 |     3 ||    36
       Potion            |       |       |     1 |     3 |     2 |     2 |     8 ||    16
 Stab: Sleeping          |     1 |       |       |       |       |       |     2 ||     3
       Distracted        |       |       |       |       |     2 |       |     1 ||     3
       Paralysed         |       |       |       |       |     1 |       |       ||     1
       Confused          |       |       |       |       |       |     6 |     1 ||     7
Armor: Leather armour    |     5 |       |       |       |       |       |       ||     5
       Chain mail        |    12 |       |       |    26 |   209 |       |       ||   247
       Plate armour      |    11 |    10 |   160 |   300 |   178 |       |       ||   659
       Ring mail         |       |    18 |   103 |       |       |       |       ||   121
       Skin              |       |       |       |       |     6 |       |       ||     6
       Storm dragon scal |       |       |       |       |    57 |   657 |   334 ||  1048
       Troll leather arm |       |       |       |       |       |       |    11 ||    11
       Gold dragon scale |       |       |       |       |       |       |   117 ||   117
Dodge: Dodged            |    32 |    62 |   227 |   145 |   444 |   990 |   736 ||  2636
Block: Other             |       |       |    21 |    69 |       |       |       ||    90
       Reflection        |       |       |       |     5 |       |       |       ||     5

Table legend: (Time is in decaauts)
 A = Elapsed time spent in this place.
 B = Non-inter-level travel time spent in this place.
 C = Inter-level travel time spent in this place.
 D = Time resting spent in this place.
 E = Time spent auto-exploring this place.
 F = Levels seen in this place.
 G = Mean time per level.
                   A        B        C        D        E       F      G
               +--------+--------+--------+--------+--------+-----+--------+
         Total |  37437 |  34442 |   2995 |   4208 |  21630 |  39 |  959.9 |
       Dungeon |  13154 |  11425 |   1729 |    979 |   7907 |  15 |  876.9 |
          Lair |   5540 |   4957 |    583 |    226 |   3439 |   5 | 1108.0 |
         Swamp |   2827 |   2705 |    122 |    742 |   1284 |   4 |  706.8 |
   Spider Nest |   6080 |   5936 |    144 |   1062 |   3600 |   4 | 1520.0 |
  Orcish Mines |   2055 |   1949 |    106 |     76 |   1315 |   2 | 1027.5 |
        Vaults |   3979 |   3670 |    309 |    624 |   2198 |   3 | 1326.3 |
         Trove |     37 |     37 |      0 |      0 |      0 |   1 |   37.0 |
         Sewer |    337 |    337 |      0 |      4 |    192 |   1 |  337.0 |
       Ossuary |    353 |    353 |      0 |      0 |    156 |   1 |  353.0 |
      Ice Cave |    851 |    851 |      0 |    166 |    381 |   1 |  851.0 |
        Wizlab |   1527 |   1527 |      0 |    294 |    772 |   1 | 1527.0 |
      Gauntlet |    692 |    692 |      0 |     31 |    382 |   1 |  692.0 |
               +--------+--------+--------+--------+--------+-----+--------+

Top non-repeatable levels by time:
Spider:4: 2222 daAuts
Vaults:1: 1958 daAuts
  WizLab: 1527 daAuts
Spider:2: 1517 daAuts
   Orc:2: 1490 daAuts
  Lair:1: 1413 daAuts
  Lair:5: 1347 daAuts
     D:8: 1298 daAuts
Spider:3: 1275 daAuts
Vaults:2: 1227 daAuts
    D:11: 1153 daAuts
    D:10: 1133 daAuts
  Lair:3: 1116 daAuts
Spider:1: 1064 daAuts
  Lair:2: 987 daAuts
